 Dungeon Crawl Stone Soup version 0.29.0-15-g675c0067aa (webtiles) character file.

Game seed: 12886884242763390282

107 qw the Chopper (level 4, -2/39 HPs)
             Began as a Minotaur Berserker on Sept 12, 2022.
             Was a Believer of Trog.
             Slain by an orc wizard
             ... wielding a +0 dagger
              (3 damage)
             ... on level 3 of the Dungeon.
             The game lasted 00:00:43 (2501 turns).

qw the Chopper (Minotaur Berserker)                 Turns: 2501, Time: 00:00:44

Health: -2/39      AC:  6    Str: 23    XL:     4   Next: 56%
Magic:  3/3        EV: 10    Int:  4    God:    Trog [**....]
Gold:   223        SH:  5    Dex: 10    Spells: 3/3 levels left

rFire   . . .      SeeInvis .   Y - +0 hand axe
rCold   . . .      Faith    .   (no shield)
rNeg    + . .      Spirit   .   o - +0 scale mail
rPois   .          Reflect  +   (helmet restricted)
rElec   .          Harm     .   (no cloak)
rCorr   .          Rampage  .   (no gloves)
Will    .....                   (no boots)
Stlth   ..........              j - amulet of reflection
HPRegen 0.13/turn               a - ring of positive energy
MPRegen 0.08/turn               (no ring)

@: on berserk cooldown, slowed, very slow
A: horns 2, retaliatory headbutt
a: Renounce Religion, Berserk, Trog's Hand


You were on level 3 of the Dungeon.
You worshipped Trog.
Trog was pleased with you.
You visited 1 branch of the dungeon, and saw 3 of its levels.

You collected 223 gold pieces.


Innate Abilities, Weirdness & Mutations

You have a pair of horns on your head.
You reflexively headbutt those who attack you in melee.


   Skills:
 - Level 3.6 Fighting
 + Level 6.5 Axes
 - Level 2.4 Armour
 - Level 2.1 Dodging


You had 3 spell levels left.
You didn't know any spells.
Your spell library was empty.

Inventory:

Hand Weapons
 n - a +0 mace
 Y - a +0 hand axe (weapon)
Armour
 o - a +0 scale mail (worn)
Jewellery
 a - a ring of positive energy (left hand)
 j - an amulet of reflection (around neck)
Scrolls
 b - 2 scrolls of identify
 d - a scroll of immolation {unknown}
Potions
 c - a potion of berserk rage {unknown}
 g - a potion of attraction {unknown}
 h - a potion of degeneration {unknown}
 i - a potion of brilliance {unknown}
 m - a potion of might {unknown}

Dungeon Overview and Level Annotations

Branches:
Dungeon (3/15)

Altars:

Shops:
D:1 [


Message History

The magic dart hits you.
You hit the ball python.
You kill the ball python!
Trog accepts your kill.
You see here a ball python corpse.
You feel a strong urge to attack something.
You see here a ball python corpse.
You swing at nothing.
You feel your anger nearly subside.
You are no longer berserk.
You are exhausted.
You feel yourself slow down.
You swing at nothing.
Something hits you but does no damage.
You hit something but do no damage. Something hits you but does no damage.
You closely miss something.
You hear some strange, mumbled words.
You are confused.
You hear some strange, mumbled words.
Something tries to affect you, but you resist.
You're too confused to attack without stumbling around!
There is a strange disturbance nearby!
Something completely misses you.
You're too confused to attack without stumbling around!
There is a strange disturbance nearby!
Something hits you. x2
You're too confused to attack without stumbling around!
There is a strange disturbance nearby!
Something hits you but does no damage.
You're too confused to attack without stumbling around!
There is a strange disturbance nearby!
You feel less confused.
Something hits you but does no damage. x2
You closely miss something. Something hits you.
You hit something. You headbutt something! Something hits you.
You miss something. Something hits you but does no damage. Something hits you.
You die...

##......# #..)..# ....###.#
7..)..7 ....###.#####.....#
.#..........7.))..7
.....##.#####.....### ...#
.....##.# #7.7.7.7.# #...#
#.......# #..%..##.# #...#
#.#.##### #..^{.##.# #.(.#
..%.##### #....@##.# #...#
..#.....## ##.......####...#####
###..>...# #...................
#....#.# #.#.................
###......####.#.#...............
..#.[.......777777[#####...#####
#.#########........# #...# #.#
##777777## #...# #.# #.# #...#


There were no monsters in sight!

Vanquished Creatures
  Terence (D:2)
  3 adders (D:2)
  4 dart slugs
  4 orcs (D:3)
  6 ball pythons
  4 endoplasms
  A giant cockroach (D:2)
  4 goblins
  3 hobgoblins
  2 quokkas (D:2)
  A bat (D:1)
  3 frilled lizards
  A kobold (D:1)
  4 rats
41 creatures vanquished.

Notes
Turn   | Place    | Note
-------+----------+-------------------------------------------
     0 | D:1      | qw the Minotaur Berserker began the quest for the Orb.
     0 | D:1      | Reached XP level 1. HP: 19/19 MP: 0/0
     0 | D:1      | 0 ||| qw: Version: 0.1-a-119-g272c26d
     0 | D:1      | 0 ||| qw: Game counter: 10843
     0 | D:1      | 0 ||| qw: Always use a shield: true
     0 | D:1      | 0 ||| qw: Do Orc after D:15 true
     0 | D:1      | 0 ||| qw: Do second Lair branch before Depths: true
     0 | D:1      | 0 ||| qw: Lair rune preference: random
     0 | D:1      | 0 ||| qw: Plans: Normal
     0 | D:1      | 0 ||| PLANNING D:1-11
    43 | D:1      | 43 ||| Stepping ~*~*~tactically~*~*~ (stealth).
    90 | D:1      | Noticed an eye of devastation
    92 | D:1      | Found a faded altar of an unknown god.
    94 | D:1      | Noticed a golden eye
    94 | D:1      | Noticed a great orb of eyes
    94 | D:1      | Noticed a golden eye
   102 | D:1      | 102 ||| Stepping ~*~*~tactically~*~*~ (hiding).
   204 | D:1      | 204 ||| Stepping ~*~*~tactically~*~*~ (hiding).
   205 | D:1      | 205 ||| Stepping ~*~*~tactically~*~*~ (hiding).
   216 | D:1      | Reached skill level 4 in Axes
   371 | D:1      | 371 ||| Stepping ~*~*~tactically~*~*~ (stealth).
   374 | D:1      | Reached XP level 2. HP: 23/26 MP: 1/1
   374 | D:1      | 374 ||| Stepping ~*~*~tactically~*~*~ (stealth).
   389 | D:1      | 389 ||| Stepping ~*~*~tactically~*~*~ (stealth).
   391 | D:1      | 391 ||| Stepping ~*~*~tactically~*~*~ (stealth).
   392 | D:1      | 392 ||| Stepping ~*~*~tactically~*~*~ (stealth).
   853 | D:1      | Found Cyutirayka's Antique Armour Emporium.
   854 | D:1      | You fall into a shaft and drop 1 floor!
   912 | D:2      | 912 ||| UPGRADING to +0 leather armour.
   922 | D:2      | 922 ||| DROPPING +0 animal skin.
   923 | D:2      | 923 ||| UPGRADING to +0 ring mail.
   933 | D:2      | 933 ||| DROPPING +0 leather armour.
   934 | D:2      | 934 ||| UPGRADING to amulet of reflection.
   939 | D:2      | 939 ||| READING scroll labelled GOPANU ZEYKHLU.
   940 | D:2      | 940 ||| READING scroll labelled IDWESO SESSABY.
   941 | D:2      | 941 ||| READING scroll labelled AXZOL DYERIO.
   983 | D:1      | 983 ||| SHOPLISTING runed robe (96 gold, have 95).
   983 | D:1      | 983 ||| SHOPLISTING scale mail (104 gold, have 95).
  1031 | D:1      | 1031 ||| UPGRADING to ring of positive energy.
  1225 | D:2      | Reached skill level 5 in Axes
  1228 | D:2      | Reached XP level 3. HP: 31/31 MP: 2/2
  1262 | D:2      | Reached ** piety under Trog
  1720 | D:2      | Noticed Terence
  1725 | D:2      | 1725 ||| INVOKING Berserk.
  1729 | D:2      | Killed Terence
  1730 | D:2      | Reached skill level 6 in Axes
  1730 | D:2      | Reached XP level 4. HP: 39/39 MP: 3/3
  1961 | D:2      | 1961 ||| DROPPING +0 club.
  2037 | D:2      | 2037 ||| UPGRADING to +0 scale mail.
  2047 | D:2      | 2047 ||| DROPPING +0 ring mail.
  2048 | D:2      | 2048 ||| READING scroll labelled TUJESU ITUPT.
  2049 | D:2      | 2049 ||| READING scroll labelled NAW SUNNINN.
  2050 | D:2      | 2050 ||| READING scroll labelled POXIKHLE IFFISS.
  2168 | D:2      | 2168 ||| READING scroll labelled LEEM IHOLU.
  2460 | D:3      | 2460 ||| Stepping ~*~*~tactically~*~*~ (stealth).
  2465 | D:3      | 2465 ||| Stepping ~*~*~tactically~*~*~ (stealth).
  2466 | D:3      | 2466 ||| Stepping ~*~*~tactically~*~*~ (stealth).
  2476 | D:3      | 2476 ||| FLEEEEING.
  2477 | D:3      | 2477 ||| FLEEEEING.
  2478 | D:3      | 2478 ||| FLEEEEING.
  2479 | D:3      | 2479 ||| FLEEEEING.
  2481 | D:3      | 2481 ||| FLEEEEING.
  2482 | D:3      | 2482 ||| INVOKING Berserk.
  2496 | D:3      | HP: 7/39 [something (3)]
  2500 | D:3      | HP: 1/39 [something (4)]
  2501 | D:3      | Slain by an orc wizard

Levels and vault maps discovered:
D:1:      minmay_arrival_open_corners, layout_basic,
          hellmonk_ecumenical_altar_watching_god, serial_shops,
          nicolae_square_shop
D:2:      layout_loops_corners, minmay_heptomino_w4, uniq_terence
D:3:      layout_loops_cross, overflow_temple_1_default, serial_forest,
          infiniplex_forest_clump_tiny, infiniplex_forest_lined_room_2,
          infiniplex_forest_straight_2, infiniplex_forest_straight_4,
          infiniplex_forest_lined_2, uniq_crazy_yiuf_cottage

Skill      XL: |  1  2  3 |
---------------+----------+-----
Axes           | 4 5 6 |  6.5
Fighting       | |  3.6
Armour         | |  2.4
Dodging        | |  2.1

Action                   |  1- 3 |  4- 6 || total
-------------------------+-------+-------++-------
Melee: Hand axe          |    62 |    29 ||    91
       Headbutt          |     9 |     3 ||    12
       Punch             |     1 |       ||     1
Invok: Berserk           |     1 |     1 ||     2
  Use: Scroll            |     3 |     4 ||     7
 Stab: Sleeping          |     1 |       ||     1
Armor: Animal skin       |     6 |       ||     6
       Ring mail         |    11 |       ||    11
       Scale mail        |       |    12 ||    12
Dodge: Dodged            |    23 |     9 ||    32
Block: Other             |     8 |     3 ||    11

Table legend:
 A = Non-vault XP
 B = Vault XP
 C = Vault XP percentage of total XP
 D = Non-vault monster count
 E = Vault monster count
 F = Vault count percentage of total count
                 A         B        C        D         E       F
            +---------+---------+-------+---------+---------+-------
      Total |      90 |      63 |  41.2 |      33 |       8 |  19.5
            +---------+---------+-------+---------+---------+-------
        D:1 |      24 |       0 |   0.0 |      12 |       0 |   0.0
        D:2 |      41 |      63 |  60.6 |      10 |       8 |  44.4
        D:3 |      25 |       0 |   0.0 |      11 |       0 |   0.0
            +---------+---------+-------+---------+---------+-------
